 Dungeon Crawl Stone Soup version 0.15.1-3-g1b33baa (webtiles) character file.

2613 Hodglim the Conjurer (level 9, 0/51 HPs)
             Began as a High Elf Conjurer on Oct 9, 2014.
             Was an Initiate of Sif Muna.
             Shot with a sling bullet by Joseph (2 damage)
             ... on Level 7 of the Dungeon.
             The game lasted 00:42:38 (7372 turns).

Hodglim the Conjurer (High Elf Conjurer)            Turns: 7372, Time: 00:42:38

HP   0/51        AC  8     Str  7      XL: 9   Next: 34%
MP   2/28        EV 11     Int 21      God: Sif Muna [......]
Gold 379         SH  0     Dex 18      Spells:  4 memorised, 13 levels left

rFire  . . .     SeeInvis .     u - +3 long sword (slice)
rCold  . . .     Clarity  .     N - +0 leather armour
rNeg   . . .     rCorr    .     (no shield)
rPois  .         rRot     .     K - +1 helmet
rElec  .         Spirit   .     x - +0 cloak
SustAb .         Warding  .     (no gloves)
rMut   +         Stasis   .     o - +1 pair of boots
Gourm  .                        e - cursed amulet of resist mutation
MR     .....                    (no ring)
                                (no ring)

@: not resistant to hostile enchantments, unstealthy
A: no striking features
a: Renounce Religion


You were on level 7 of the Dungeon.
You worshipped Sif Muna.
Sif Muna was noncommittal.
You were not hungry.

You visited 1 branch of the dungeon, and saw 7 of its levels.
You also visited: Sewer.

You collected 379 gold pieces.

Inventory:

Hand weapons
 u - a +3 long sword of slicing (weapon)
Armour
 o - a +1 pair of boots (worn)
 r - a +0 shield
 x - a +0 cloak (worn)
 I - a +0 ring mail
 K - a +1 helmet (worn)
 N - a +0 leather armour (worn)
Magical devices
 a - a wand of magic darts (9) {unknown}
 E - a wand of lightning (5) {unknown}
 H - a wand of fireball (4) {unknown}
Comestibles
 b - 5 bread rations
 j - 3 meat rations
 n - 3 fruits
 C - 2 royal jellies
Scrolls
 g - 2 scrolls of identify
 h - 3 scrolls of fog
 k - 2 scrolls of fear
 t - 3 scrolls of teleportation
 v - 2 scrolls of remove curse
 y - 2 scrolls of enchant weapon
 B - a scroll of recharging
Jewellery
 e - a cursed amulet of resist mutation (around neck)
 m - an uncursed amulet of the gourmand {unknown}
 G - an uncursed amulet of resist corrosion
Potions
 d - a potion of resistance
 f - 3 potions of might
 i - a potion of berserk rage
 l - 2 potions of cure mutation
 q - a potion of cancellation {unknown}
 s - a potion of lignification {unknown}
 w - a potion of restore abilities {unknown}
 A - 4 potions of brilliance
 D - a potion of haste
 F - 2 potions of poison {unknown}
 J - a potion of flight {unknown}
 L - a potion of curing {unknown}
Books
 c - a book of Conjurations

   Spells                             Type                      Level
   *Magic Dart                        Conjuration                  1
   *Searing Ray                       Conjuration                  2
   Dazzling Spray                     Conjuration/Hexes            3
   Fulminant Prism                    Conjuration/Hexes            4
   *Iskenderun's Mystic Blast         Conjuration                  4
   *Iskenderun's Battlesphere         Conjuration/Charms           5
 z - a book of Power

   Spells                             Type                      Level
   Fulminant Prism                    Conjuration/Hexes            4
   *Iskenderun's Mystic Blast         Conjuration                  4
   Venom Bolt                         Conjuration/Poison           5
   Bolt of Magma                      Conjuration/Fire/Earth       5
   Iron Shot                          Conjuration/Earth            6
   Orb of Destruction                 Conjuration                  7
 M - a book of Transfigurations

   Spells                             Type                      Level
   Stoneskin                          Transmutation/Earth          2
   Ice Form                           Ice/Transmutation            4
   Statue Form                        Transmutation/Earth          6
   Dragon Form                        Transmutation                7


   Skills:
 - Level 2.1 Dodging
 - Level 2.1 Stealth
 + Level 8.7 Spellcasting
 + Level 9.5 Conjurations
 + Level 7.9 Charms


You had 13 spell levels left.
You knew the following spells:

 Your Spells              Type           Power        Failure   Level  Hunger
a - Magic Dart            Conj           ####         1%          1    None
b - Searing Ray           Conj           #####.       1%          2    None
c - Iskenderun's Mystic   Conj           #####...     1%          4    ###....
d - Iskenderun's Battles  Conj/Chrm      #####...     8%          5    ####...


Dungeon Overview and Level Annotations

Branches:
Dungeon (7/15)
 Temple: D:4-7

Altars:
Cheibriados
Fedhas
Kikubaaqudgha
Makhleb
Nemelex Xobeh
Qazlal
Sif Muna

Annotations:
D:7 Joseph


Message History

Joseph hits you with an antimagic quarterstaff.
* * * LOW HITPOINT WARNING * * *
Drink which item? (? for menu, Esc to quit)
You feel much better.
Joseph hits you with an antimagic quarterstaff!
Casting: Searing Ray
Confirm with . or Enter, or press ? or * to list all spells.
You don't have enough magic to cast that spell.
Joseph unwields an uncursed antimagic quarterstaff.
Joseph wields a glowing hunting sling.
Joseph shoots a sling bullet.
The sling bullet barely misses you.
You see here a sling bullet.
Joseph shoots a sling bullet.
The sling bullet hits you but does no damage.
You see here a sling bullet.
Joseph shoots a sling bullet.
The sling bullet hits you!
* * * LOW HITPOINT WARNING * * *
x2 You see here a sling bullet.
Joseph shoots a sling bullet.
The sling bullet hits you.
You die...

# ###.### #### #
#.#.....# #.. ..
#.#.#.#.# #.###..
#...@(#.######.#....
###(###.......@..#..
#.# ########....>.
###.##### #..##..
#..(....# #.)..[.
#..@....#[....#Z##..
#..<....#.....#%# #
#.......#.....#(##%#
#.......#....(#.....
#.......#.....#.##!#
#.......# ##.#.# #
##.###### #.#.# #.#
#.#.##.# #.#
##.#.....


You could see Joseph.

Vanquished Creatures
  Prince Ribbit (D:6)
  A hippogriff (D:6)
  Menkaure (D:5)
  The ghost of MBison the Bolt Thrower, an average TeHu of Okawaru (D:4)
  A black bear (D:6)
  A sky beast (D:6)
  Purgy (Sewer)
  3 ogres
  2 centaurs
  A giant frog (D:7)
  Sigmund (D:6)
  Blork the orc (D:5)
  4 scorpions
  5 wights (D:6)
  6 hounds
  A centaur zombie (D:7)
  2 crimson imps
  A goliath beetle (D:6)
  2 jellies
  Crazy Yiuf (D:6)
  An orc priest (D:6)
  A centaur skeleton (D:5)
  An iguana (D:5)
  A worker ant (D:6)
  An orc wizard (D:6)
  2 hound skeletons
  4 adders
  A green rat (D:6)
  An inept item mimic (D:5)
  A shadow imp (D:5)
  3 giant mites
  A worm (D:2)
  An ooze (D:2)
  4 orcs
  A ball python (D:2)
  11 bats
  5 giant cockroaches
  10 goblins
  15 hobgoblins
  8 jackals
  13 kobolds
  A quokka (D:6)
  A giant cockroach zombie (D:5)
  4 giant geckos
  2 giant newts
  A giant spore (D:7)
  13 rats
  A rat zombie (D:5)
146 creatures vanquished.

Vanquished Creatures (others)
  A giant frog (D:7)
  A bush (D:4)
2 creatures vanquished.

Grand Total: 148 creatures vanquished

Notes
Turn   | Place    | Note
--------------------------------------------------------------
     0 | D:1      | Hodglim, the High Elf Conjurer, began the quest for the Orb.
     0 | D:1      | Reached XP level 1. HP: 11/11 MP: 4/4
   250 | D:1      | Reached XP level 2. HP: 17/17 MP: 3/6
   254 | D:1      | Learned a level 2 spell: Searing Ray
   917 | D:2      | Reached skill level 5 in Conjurations
   918 | D:2      | Reached XP level 3. HP: 21/21 MP: 2/10
  1468 | D:2      | Reached XP level 4. HP: 27/27 MP: 10/13
  1474 | D:2      | Learned a level 4 spell: Iskenderun's Mystic Blast
  2445 | D:4      | Reached skill level 6 in Conjurations
  2445 | D:4      | Reached XP level 5. HP: 22/31 MP: 9/16
  2540 | D:4      | Learned a level 5 spell: Iskenderun's Battlesphere
  2625 | D:4      | Reached skill level 1 in Charms
  2719 | D:4      | Noticed a centaur
  2801 | D:4      | Found a blossoming altar of Fedhas.
  2921 | D:4      | Noticed MBison's ghost (average TeHu)
  2953 | D:4      | Killed a centaur
  2953 | D:4      | Reached skill level 5 in Spellcasting
  2953 | D:4      | Reached XP level 6. HP: 4/36 MP: 14/20
  2960 | D:5      | Entered Level 5 of the Dungeon
  3813 | D:5      | Noticed Blork the orc
  3818 | D:5      | Killed Blork the orc
  3963 | D:5      | Noticed Menkaure
  3967 | D:5      | Killed Menkaure
  3967 | D:5      | Reached XP level 7. HP: 36/41 MP: 17/22
  3971 | D:5      | Reached skill level 7 in Conjurations
  4357 | D:4      | Found a stormy altar of Qazlal.
  4382 | D:4      | Noticed an ogre
  4390 | D:4      | Killed an ogre
  4600 | D:4      | Noticed an ogre
  4604 | D:4      | Killed an ogre
  4789 | D:4      | Killed MBison's ghost
  4932 | D:6      | Noticed Sigmund
  4939 | D:6      | Killed Sigmund
  4939 | D:6      | Reached XP level 8. HP: 24/46 MP: 8/24
  4943 | D:6      | Reached skill level 5 in Charms
  5094 | D:6      | Found a glowing drain.
  5099 | Sewer    | Entered a sewer
  5161 | Sewer    | Noticed Purgy
  5167 | Sewer    | Killed Purgy
  5362 | D:6      | Reached skill level 8 in Conjurations
  5955 | D:6      | Noticed Prince Ribbit
  5958 | D:6      | Killed Prince Ribbit
  6083 | D:6      | Found a burning altar of Makhleb.
  6281 | D:6      | Reached skill level 9 in Conjurations
  6281 | D:6      | Reached XP level 9. HP: 37/51 MP: 22/27
  6497 | D:6      | Noticed Crazy Yiuf
  6501 | D:6      | Killed Crazy Yiuf
  7046 | D:5      | Found a sparkling altar of Nemelex Xobeh.
  7046 | D:5      | Found an ancient bone altar of Kikubaaqudgha.
  7046 | D:5      | Found a deep blue altar of Sif Muna.
  7046 | D:5      | Found a snail-covered altar of Cheibriados.
  7063 | D:5      | Became a worshipper of Sif Muna the Loreminder
  7167 | D:7      | Noticed Joseph
  7371 | D:7      | HP: 1/51 [Joseph/ sling bullet (2)]
  7372 | D:7      | Shot with a sling bullet by Joseph

Action                   |  1- 3 |  4- 6 |  7- 9 || total
-------------------------+-------+-------+-------++-------
Melee: Dagger            |     1 |       |       ||     1
       Short sword       |     5 |     1 |       ||     6
       Long sword        |       |     4 |    23 ||    27
 Cast: Magic Dart        |    74 |    86 |   107 ||   267
       Searing Ray       |     1 |     7 |    27 ||    35
       Iskenderun's Myst |       |     5 |    23 ||    28
  Use: Scroll            |     4 |     1 |    14 ||    19
       Potion            |       |       |     3 ||     3
  Eat: Chunk             |     1 |     4 |     4 ||     9
       Meat ration       |       |     1 |     1 ||     2
       Bread ration      |       |       |     1 ||     1
